 Dungeon Crawl Stone Soup version 0.27-a0-836-gfc908b8576 (webtiles) character file.

Game seed: 3705853317484495530

23047 polve the Devastator (level 12, -2/96 HPs)
             Began as a Pale Draconian Conjurer on Mar 31, 2021.
             Was an Elder of Vehumet.
             Slain by a seven-headed hydra (17 damage)
             ... on level 11 of the Dungeon.
             The game lasted 00:34:49 (16150 turns).

polve the Devastator (Pale Draconian Conjurer)     Turns: 16150, Time: 00:34:50

Health: -2/96      AC: 12    Str: 10    XL:     12   Next: 68%
Magic:  14/16      EV: 12    Int: 28    God:    Vehumet [****..]
Gold:   807        SH:  0    Dex: 11    Spells: 3/17 levels left

rFire    . . .     SeeInvis .   L - +3 executioner's axe (distort)
rCold    . . .     Faith    .   (shield currently unavailable)
rNeg     . . .     Spirit   .   (armour unavailable)
rPois    .         Reflect  .   i - +1 hat
rElec    .         Harm     .   x - +0 cloak
rCorr    .         Rampage  .   n - +0 pair of gloves
Will     .....                  F - +0 pair of boots
Stlth    ++........             p - amulet of magic regeneration
HPRegen  0.26/turn              B - +4 ring of slaying
MPRegen  0.40/turn              m - +6 ring of intelligence

@: short of breath, studying 2 skills
A: breathe steam, AC +8, unfitting armour, cold-blooded, steam resistance
a: Breathe Steam, Renounce Religion


You were on level 11 of the Dungeon.
You worshipped Vehumet.
Vehumet was greatly pleased with you.
You visited 3 branches of the dungeon, and saw 13 of its levels.
You also visited: Bailey.

You collected 807 gold pieces.

Inventory:

Hand Weapons
 L - a +3 executioner's axe of distortion (weapon)
Armour
 i - a +1 hat (worn)
 n - a +0 pair of gloves (worn)
 x - a +0 cloak (worn)
 F - a +0 pair of boots (worn)
Jewellery
 c - a ring of protection from cold
 m - a +6 ring of intelligence (right hand)
 p - an amulet of magic regeneration (around neck)
 u - an amulet of guardian spirit
 v - an amulet of regeneration
 A - a ring of flight
 B - a +4 ring of slaying (left hand)
 C - a ring of poison resistance
Wands
 b - a wand of mindburst (12)
 o - a wand of digging (5)
 y - a wand of flame (37)
 D - a wand of iceblast (4)
Scrolls
 a - a scroll of blinking
 d - 3 scrolls of amnesia
 e - 4 scrolls of magic mapping
 q - a scroll of identify
 r - a scroll of summoning {unknown}
 s - a scroll of fear
 w - 2 scrolls of teleportation
 z - a scroll of brand weapon
 G - a scroll of vulnerability
Potions
 f - 2 potions of might
 g - a potion of invisibility {unknown}
 h - a potion of ambrosia
 j - a potion of flight {unknown}
 k - 6 potions of curing
 l - 3 potions of heal wounds
 t - 3 potions of brilliance
 E - a potion of degeneration {unknown}
 H - a potion of magic {unknown}
 K - a potion of experience {unknown}


   Skills:
 - Level 6.0 Fighting
 + Level 11.8 Axes
 - Level 1.7 Dodging
 - Level 1.7 Stealth
 - Level 3.1 Spellcasting
 - Level 17.8 Conjurations


You had 3 spell levels left.
You knew the following spells:

 Your Spells              Type           Power      Damage    Failure   Level
a - Magic Dart            Conj           100%       1d8       0%          1
b - Searing Ray           Conj           100%       3d7       0%          2
c - Dazzling Flash        Conj/Hex       100%       N/A       1%          3
d - Orb of Destruction    Conj           40%        9d14      1%          7
t - Apportation           Tloc           8%         N/A       9%          1

Your spell library contained the following spells:

 Spells                   Type           Power      Damage    Failure   Level
 Inner Flame              Hex/Fire       4%         N/A       7%          3
 Animate Skeleton         Necr           8%         N/A       9%          1
 Beastly Appendage        Tmut           8%         N/A       9%          1
 Corona                   Hex            4%         N/A       9%          1
 Summon Small Mammal      Summ           16%        N/A       9%          1
 Ensorcelled Hibernation  Hex/Ice        8%         N/A       12%         2
 Wereblood                Tmut           4%         N/A       12%         2
 Confusing Touch          Hex            4%         N/A       24%         3
 Gell's Gravitas          Tloc           2%         N/A       24%         3
 Spider Form              Tmut/Pois      2%         N/A       24%         3
 Tukima's Dance           Hex            4%         N/A       24%         3
 Fulminant Prism          Conj/Hex       26%        3d14      1%          4
 Iskenderun's Mystic Bla  Conj/Tloc      53%        2d11      1%          4
 Iskenderun's Battlesphe  Conj           81%        2d13      1%          5
 Bolt of Magma            Conj/Fire/Erth 18%        4d10      5%          5
 Iron Shot                Conj/Erth      26%        9d6       9%          6
 Spellforged Servitor     Conj/Summ      26%        N/A       41%         7
 Yara's Violent Unravell  Hex/Tmut       2%         3d3       47%         5
 Cause Fear               Hex            2%         N/A       63%         4
 Ice Form                 Ice/Tmut       4%         N/A       63%         4
 Petrify                  Tmut/Erth      4%         N/A       63%         4
 Hydra Form               Tmut           2%         N/A       92%         5
 Metabolic Englaciation   Hex/Ice        2%         N/A       92%         5
 Silence                  Hex/Air        2%         N/A       92%         5
 Discord                  Hex            2%         N/A       100%        8


Dungeon Overview and Level Annotations

Branches:
Dungeon (11/15)            Temple (1/1) D:4            Lair (1/6) D:11
 Bailey (visited)
    Orc: D:9-12

Altars:
Ashenzari
Cheibriados
Dithmenos
Elyvilon
Fedhas
Gozag
Hepliaklqana
Kikubaaqudgha
Makhleb
Nemelex Xobeh
Okawaru
Qazlal
Ru
Sif Muna
Trog
Uskayaw
Vehumet
Wu Jian
Xom
Yredelemnul
Zin
The Shining One

Shops:
D:8 (


Innate Abilities, Weirdness & Mutations

You can breathe blasts of scalding, opaque steam.
Your pale cyan-grey scales are hard. (AC +8)
You cannot fit into any form of body armour.
You are cold-blooded and may be slowed by cold attacks.
You are immune to the effects of steam.


Message History

The seven-headed hydra bites you! The seven-headed hydra bites you. x2
The seven-headed hydra completely misses you.
You climb upwards.
Welcome back to the Dungeon!
There is a staircase to the Lair here.
You see here a +0 club.
You see here a +0 whip.
Things that are here:
a +0 robe; a +0 dagger
Press: ? - help, Shift-Dir - straight line, f - seven-headed hydra
Aim: a seven-headed hydra (lightly wounded)
You exhale a blast of scalding steam.
The ball of steam hits the seven-headed hydra.
The seven-headed hydra is lightly wounded.
The seven-headed hydra is engulfed in a cloud of scalding steam.
Casting: Orb of Destruction (dangerous; 1% risk of failure)
Confirm with . or Enter, or press ? or * to list all spells.
Aiming: Searing Ray (safe; 0% risk of failure)
Press: ? - help, Shift-Dir - straight line, f/p - seven-headed hydra
Aim: a seven-headed hydra (steam, moderately wounded, 6% to evade)
The searing ray hits the seven-headed hydra!
The seven-headed hydra is moderately wounded. (Press . to maintain the ray.)
The seven-headed hydra is engulfed in a cloud of scalding steam.
The seven-headed hydra bites you.
The seven-headed hydra closely misses you.
The seven-headed hydra bites you but does no damage.
The seven-headed hydra bites you!
The seven-headed hydra bites you but does no damage.
The seven-headed hydra bites you! x2
The searing ray hits the seven-headed hydra!
The seven-headed hydra is severely wounded.
The seven-headed hydra is engulfed in a cloud of scalding steam.
The seven-headed hydra bites you!
* * * LOW HITPOINT WARNING * * *
The seven-headed hydra bites you!
* * * LOW HITPOINT WARNING * * *
The seven-headed hydra bites you.
* * * LOW HITPOINT WARNING * * *
The seven-headed hydra bites you!
You die...

....#.##..........### #.##...
......##............# ##..#...
......#####.....###.# ###.#...≈.
.......(.........##.####......###
......###........................
...##.....#######................
#...#....## ######........[..
#.#...##..## #########.......(...
#.##..###..###..@D§)..)......[...
#...............######[.....))[..
..###.#......(..##...##..........
.##.....####.....................
.##.##....#...............####...
....#####.#............#.## ###.
.########................# #.
......)...#.....>........## ##
..........).)...##...##...# #


You could see a seven-headed hydra.

Vanquished Creatures
  Gastronok (Lair:1)
  A tengu warrior (D:10)
  6 two-headed ogres
  2 oklob plants (D:11)
  2 ugly things (D:10)
  2 cyclopes (D:11)
  A manticore (D:10)
  An unseen horror (D:10)
  6 kobold demonologists (D:11)
  A troll (D:11)
  A shadow (D:9)
  24 yaks
  A wraith (D:11)
  2 wyverns
  A basilisk (D:10)
  3 steam dragons (D:8)
  Grum (D:8)
  6 vampire mosquitoes
  An acid dragon (D:11)
  Duvessa (D:6)
  A water moccasin (Lair:1)
  13 orc warriors
  A sky beast (D:6)
  An ice beast (D:7)
  2 black bears
  2 ogres (D:4)
  3 wolves (D:8)
  11 centaurs
  4 kobold brigands (D:11)
  4 bullfrogs
  A wyvern zombie (D:9)
  A gnoll sergeant (D:7)
  7 scorpions
  Dowan (D:6)
  2 water moccasin skeletons
  20 killer bees
  7 centaur zombies
  A gnoll shaman (D:8)
  4 hounds
  A jelly (D:7)
  A centaur skeleton (D:5)
  6 orc priests
  3 bullfrog skeletons
  Jessica (D:2)
  A scorpion zombie (D:5)
  Natasha (thrice) (D:2)
  2 iguanas
  10 orc wizards
  2 hound skeletons (D:5)
  7 adders
  12 gnolls
  2 ufetubi (D:4)
  2 worms
  2 dart slugs
  48 orcs
  5 ball pythons
  2 endoplasms
  3 giant cockroaches
  7 hobgoblins
  7 jackals
  4 quokkas
  3 bats
  11 goblins
  6 kobolds
  4 rats
305 creatures vanquished.

Vanquished Creatures (others)
  7 fungi (Lair:1)
  16 plants
23 creatures vanquished.

Grand Total: 328 creatures vanquished

Notes
Turn   | Place    | Note
-------+----------+-------------------------------------------
     0 | D:1      | polve the Draconian Conjurer began the quest for the Orb.
     0 | D:1      | Reached XP level 1. HP: 14/14 MP: 3/3
   334 | D:1      | Reached XP level 2. HP: 20/20 MP: 1/5
  1447 | D:2      | Learned a level 2 spell: Searing Ray
  1449 | D:2      | Learned a level 1 spell: Apportation
  1531 | D:2      | Reached skill level 5 in Conjurations
  1531 | D:2      | Reached XP level 3. HP: 22/26 MP: 0/6
  1781 | D:2      | Noticed Natasha
  1794 | D:2      | Killed Natasha
  1967 | D:2      | Noticed Jessica
  1985 | D:2      | Reached XP level 4. HP: 21/33 MP: 4/7
  1996 | D:2      | Reached skill level 6 in Conjurations
  2005 | D:2      | Killed Jessica
  2006 | D:2      | Reached XP level 5. HP: 24/38 MP: 1/8
  2340 | D:2      | Noticed Natasha
  2345 | D:2      | Killed Natasha
  2404 | D:2      | Noticed Natasha
  2407 | D:2      | Killed Natasha
  2471 | D:3      | Learned a level 3 spell: Dazzling Flash
  2954 | D:3      | Reached skill level 7 in Conjurations
  3337 | D:3      | Found a shimmering blue altar of Sif Muna.
  3337 | D:3      | Found a snail-covered altar of Cheibriados.
  3569 | D:4      | Found a staircase to the Ecumenical Temple.
  3596 | Temple   | Entered the Ecumenical Temple
  3779 | Temple   | Became a worshipper of Vehumet
  3833 | D:4      | Reached XP level 6. HP: 42/45 MP: 4/9
  3926 | D:4      | Reached skill level 8 in Conjurations
  4355 | D:4      | Your scales start taking on a pale cyan-grey colour.
  4355 | D:4      | Reached XP level 7. HP: 43/50 MP: 5/10
  4355 | D:4      | Gained mutation: You are immune to the effects of steam.
                  | [Pale Draconian growth]
  4684 | D:4      | Reached skill level 9 in Conjurations
  4897 | D:5      | Entered Level 5 of the Dungeon
  5174 | D:5      | Noticed a two-headed ogre
  5267 | D:5      | Reached skill level 10 in Conjurations
  5333 | D:5      | Reached XP level 8. HP: 47/57 MP: 3/11
  5589 | D:5      | Killed a two-headed ogre
  5590 | D:5      | Reached skill level 11 in Conjurations
  5817 | D:5      | Reached skill level 12 in Conjurations
  6074 | D:6      | Noticed Duvessa
  6074 | D:6      | Noticed Dowan
  6136 | D:6      | Killed Duvessa
  6137 | D:6      | Reached skill level 1 in Fighting
  6137 | D:6      | Reached XP level 9. HP: 39/67 MP: 12/12
  6162 | D:6      | Killed Dowan
  6413 | D:6      | Reached * piety under Vehumet
  6413 | D:6      | Offered knowledge of Sandblast by Vehumet.
  7068 | D:6      | Reached skill level 5 in Fighting
  8019 | D:7      | Found a shimmering blue altar of Sif Muna.
  8021 | D:7      | Found a shimmering altar of Xom.
  8021 | D:7      | Found an ornate altar of the Wu Jian Council.
  8059 | D:7      | Found a snail-covered altar of Cheibriados.
  8059 | D:7      | Found a stormy altar of Qazlal.
  8059 | D:7      | Found a shimmering altar of Xom.
  8277 | D:8      | Offered knowledge of Freeze by Vehumet.
  8337 | D:8      | Reached ** piety under Vehumet
  8405 | D:8      | Noticed Grum
  8409 | D:8      | Killed Grum
  8410 | D:8      | Reached skill level 13 in Conjurations
  8647 | D:8      | Reached XP level 10. HP: 79/83 MP: 13/13
  9217 | D:8      | Found Kaom's Weapon Shoppe.
  9504 | D:9      | Offered knowledge of Static Discharge by Vehumet.
  9589 | D:9      | Found a glowing silver altar of Zin.
  9624 | D:9      | Reached skill level 14 in Conjurations
  9731 | D:9      | Learned a level 7 spell: Orb of Destruction
  9792 | D:9      | Found a blossoming altar of Fedhas.
  9876 | D:9      | Reached *** piety under Vehumet
 10302 | D:10     | Entered Level 10 of the Dungeon
 10428 | D:10     | Noticed a two-headed ogre
 10451 | D:10     | Reached skill level 15 in Conjurations
 10451 | D:10     | Killed a two-headed ogre
 10509 | D:10     | Noticed a two-headed ogre
 10532 | D:10     | Killed a two-headed ogre
 10533 | D:10     | Reached XP level 11. HP: 47/89 MP: 12/15
 10694 | D:10     | Offered knowledge of Olgreb's Toxic Radiance by Vehumet.
 10704 | D:10     | Noticed a two-headed ogre
 10713 | D:10     | Killed a two-headed ogre
 10714 | D:10     | Reached skill level 16 in Conjurations
 10827 | D:10     | Noticed a two-headed ogre
 10838 | D:10     | Killed a two-headed ogre
 10874 | D:10     | Noticed a tengu warrior
 10879 | D:10     | Killed a tengu warrior
 11019 | D:10     | Noticed a green ugly thing
 11172 | D:10     | Found a snail-covered altar of Cheibriados.
 11281 | D:10     | Reached **** piety under Vehumet
 11368 | D:10     | Killed a green ugly thing
 11574 | D:11     | Found a flagged portal.
 11599 | D:11     | Noticed a purple ugly thing
 11613 | D:10     | Killed a purple ugly thing
 11614 | D:10     | Reached skill level 17 in Conjurations
 11803 | Bailey   | Entered a bailey
 11826 | Bailey   | Offered knowledge of Inner Flame by Vehumet.
 12937 | Bailey   | Reached XP level 12. HP: 96/96 MP: 10/16
 13737 | D:10     | Reached skill level 1 in Axes
 14239 | D:11     | Reached skill level 5 in Axes
 14241 | D:11     | Noticed a two-headed ogre
 14643 | D:10     | Killed a two-headed ogre
 15057 | D:11     | Found a staircase to the Lair.
 15582 | Lair:1   | Entered Level 1 of the Lair of Beasts
 15587 | Lair:1   | Noticed Gastronok
 15723 | Lair:1   | Killed Gastronok
 16080 | Lair:1   | Noticed a seven-headed hydra
 16150 | D:11     | Slain by a seven-headed hydra

Illustrated notes

Levels and vault maps discovered:
D:1:      minmay_arrival_four_loops, layout_basic
D:2:      layout_basic, uniq_natasha, uniq_jessica
D:3:      layout_basic, gammafunk_temple_overflow_elements
D:4:      layout_rooms, minmay_temple_entry_drinking_statues
D:5:      cheibrodos_quashed, layout_rooms, minmay_manual_mess
D:6:      layout_basic, uniq_duvessa
D:7:      layout_loops_ring, minmay_misc_feat_ornament, doesnt_xom_only_xom
D:8:      cheibrodos_steamvent, layout_basic, serial_shops,
          kennysheep_little_box, uniq_grum
D:9:      layout_basic, old_standard_altar, lemuel_doored_altar
D:10:     minmay_distorted_concentric_squares, layout_irregular_city,
          cheibriados_altar_1
D:11:     layout_rooms, dpeg_oklobed_lair, enter_bailey_5
Temple:   compressed_dpeg_circular_temple
Lair:1:   layout_regular_city, lemuel_fruit_fields, uniq_gastronok

Skill      XL: |  1  2  3  4  5  6  7  8  9 10 11 12 |
---------------+-------------------------------------+-----
Conjurations   | 5 6 7 8 10 12 13 15 17 | 17.8
Fighting       | 1 6 |  6.0
Spellcasting   | 3 |  3.1
Axes           | 11 | 11.8
Dodging        | |  1.7
Stealth        | |  1.7

Action                   |  1- 3 |  4- 6 |  7- 9 | 10-12 || total
-------------------------+-------+-------+-------+-------++-------
Melee: Unarmed           |    51 |       |       |    43 ||    94
       Tailslap          |     2 |     1 |    14 |    18 ||    35
       Dagger            |     7 |    21 |   120 |    89 ||   237
       Executioner's axe |       |       |       |    48 ||    48
 Cast: Magic Dart        |    60 |    84 |    73 |    84 ||   301
       Searing Ray       |       |     6 |    20 |    30 ||    56
       Orb of Destructio |       |       |       |    44 ||    44
       Apportation       |       |       |       |     1 ||     1
 Abil: Breathe Steam     |       |       |    35 |    62 ||    97
  Use: Scroll            |       |       |     4 |    11 ||    15
       Potion            |       |       |       |     2 ||     2
Armor: Skin              |    18 |    16 |    80 |   204 ||   318
Dodge: Dodged            |    42 |    43 |   130 |   216 ||   431

Table legend: (Time is in decaauts)
 A = Elapsed time spent in this place.
 B = Non-inter-level travel time spent in this place.
 C = Inter-level travel time spent in this place.
 D = Time resting spent in this place.
 E = Time spent auto-exploring this place.
 F = Levels seen in this place.
 G = Mean time per level.
                   A        B        C        D        E       F      G
               +--------+--------+--------+--------+--------+-----+--------+
         Total |  16239 |  15813 |    426 |      3 |  13147 |  14 | 1159.9 |
       Dungeon |  13733 |  13322 |    411 |      3 |  11371 |  11 | 1248.5 |
        Temple |    220 |    206 |     14 |      0 |    196 |   1 |  220.0 |
          Lair |    473 |    473 |      0 |      0 |    347 |   1 |  473.0 |
        Bailey |   1812 |   1812 |      0 |      0 |   1233 |   1 | 1812.0 |
               +--------+--------+--------+--------+--------+-----+--------+

Top non-repeatable levels by time:
    D:10: 2057 daAuts
  Bailey: 1812 daAuts
    D:11: 1591 daAuts
     D:1: 1441 daAuts
     D:4: 1294 daAuts
     D:8: 1237 daAuts
     D:3: 1201 daAuts
     D:6: 1166 daAuts
     D:2: 1022 daAuts
     D:5: 962 daAuts
     D:7: 932 daAuts
     D:9: 823 daAuts
  Lair:1: 473 daAuts
  Temple: 220 daAuts
